 Dungeon Crawl Stone Soup version 0.11.3 (console) character file.

531 Lightli the Changer (level 6, -2/34 HPs)
             Began as a Deep Elf Stalker on July 3, 2022.
             Shot with an arrow of frost by a centaur (16 damage)
             ... on Level 5 of the Dungeon on July 4, 2022.
             The game lasted 00:15:59 (5424 turns).

Lightli the Changer (Deep Elf Stalker)              Turns: 5424, Time: 00:15:59

HP  -2/34        AC  4     Str  7      XL: 6   Next: 46%
MP  12/14        EV 13     Int 19      God:
Gold 154         SH  0     Dex 16      Spells:  3 memorised,  1 level left

Res.Fire  : . . .   See Invis. : .   z - +1,+0 sabre (holy)
Res.Cold  : . . .   Warding    : .   b - +0 elf robe
Life Prot.: . . .   Conserve   : .   (no shield)
Res.Poison: .       Res.Corr.  : .   u - +0 cap
Res.Elec. : .       Clarity    : .   c - +1 elf cloak
Sust.Abil.: . .     Spirit.Shd : .   (no gloves)
Res.Mut.  : .       Rnd.Telep. : +   (no boots)
Res.Rott. : .       Ctrl.Telep.: .   h - amulet of faith
Saprovore : . . .   Levitation : .   (no ring) Ctrl.Flight: .
                                     g - cursed ring of teleportation

@: slightly resistant to hostile enchantments, stealthy
A: no striking features
a: Evoke Teleportation


You were on level 5 of the Dungeon.
You were not hungry.

You visited 1 branch of the dungeon, and saw 5 of its levels.

You collected 134 gold pieces.

Inventory:

Hand weapons
 a - a +2,+2 elven dagger {=f}
 i - a +1,+0 short sword of speed
 y - a +3,+2 dwarven dagger (quivered)
 z - a +1,+0 sabre of holy wrath (weapon)
Armour
 b - a +0 elven robe (worn)
 c - a +1 elven cloak (worn)
 u - a +0 cap (worn)
Magical devices
 q - a wand of random effects (6)
 x - a wand of enslavement (12)
Comestibles
 f - 2 bread rations
 v - a choko
 A - 2 apples
Scrolls
 n - a scroll of amnesia
 o - a scroll of teleportation
 r - a scroll of recharging {unknown}
 w - a scroll of fog
Jewellery
 g - a cursed ring of teleportation (left hand)
 h - an amulet of faith (around neck)
Potions
 e - 4 potions of confusion
 j - a potion of agility
 k - 2 potions of heal wounds
 l - 4 potions of poison
 m - a potion of levitation
 p - a potion of degeneration {unknown}
 s - 2 potions of speed
 t - a potion of brilliance {unknown}
Books
 d - a book of Stalking

   Spells                             Type                      Level
   *Fulsome Distillation              Transmutation/Necromancy     1
   *Evaporate                         Fire/Transmutation           2
   Passwall                           Transmutation/Earth          3
   *Petrify                           Transmutation/Earth          4
   Dig                                Transmutation/Earth          4


   Skills:
 - Level 0.7 Fighting
 - Level 1.0 Short Blades
 - Level 2.4 Dodging
 - Level 2.4 Stealth
 + Level 2.4 Stabbing
 - Level 1.5 Spellcasting
 - Level 6.0 Transmutations
 - Level 4.0 Earth Magic


You had one spell level left.
You knew the following spells:

 Your Spells              Type           Power        Failure   Level  Hunger
a - Fulsome Distillation  Trmt/Necr      N/A          8%          1    ##.....
b - Evaporate             Fire/Trmt      ###....      10%         2    ###....
c - Petrify               Trmt/Erth      ####.....    28%         4    #####..


Dungeon Overview and Level Annotations

Branches:
Dungeon (5/27)
 Temple: D:4-7

Altars:
Kikubaaqudgha
the Shining One

Shops:
D:4: +*%

Annotations
D:4 Pikel


Message History

You hear a shout!
The centaur hits you but does no damage.
The centaur barely misses you.
Unknown command.
Press: ? - help, v - describe, . - travel A floor.
Press: ? - help, v - describe, . - travel
Here: a centaur A floor.
Casting: Evaporate
Confirm with . or Enter, or press ? or * to list all spells.
Throw which potion? (? for menu, Esc to quit)
Where do you want to aim your 4 potions of confusion?
Aiming: Evaporate
Press: ? - help, Shift-Dir - straight line, f - centaur
Aim: a centaur
Okay, then.
The centaur wields a bow.
The centaur shoots an arrow of frost.
The arrow of frost hits you!
You die...

#.# . #.# #.#
#.#
######.####
#.........#
#.........#
#.........#
#.....@.c.#
#.......§§#
#......w§§#
#.........#
#.........#
#####
#............
.....
##############
#####


You could see a worm and a centaur.

Vanquished Creatures
  A sky beast (D:5)
  2 slaves
  A hound (D:3)
  A worker ant (D:4)
  An iguana (D:4)
  Ijyb (D:2)
  3 adders
  6 gnolls
  2 giant mites
  2 giant geckos (D:3)
  2 oozes
  2 orcs
  6 ball pythons
  3 giant cockroaches
  11 hobgoblins
  9 kobolds
  A quokka (D:4)
  6 bats
  7 giant newts
  11 goblins
  A hobgoblin skeleton (D:4)
  15 rats
94 creatures vanquished.

Vanquished Creatures (others)
  A goblin (D:1)
  A toadstool (D:2)
2 creatures vanquished.

Grand Total: 96 creatures vanquished

Notes
Turn   | Place    | Note
--------------------------------------------------------------
     0 | D:1      | Lightli, the Deep Elf Stalker, began the quest for the Orb.
     0 | D:1      | Reached XP level 1. HP: 12/12 MP: 2/2
   313 | D:1      | Reached skill level 3 in Transmutations
   313 | D:1      | Reached XP level 2. HP: 13/16 MP: 4/4
   332 | D:1      | Learned a level 2 spell: Evaporate
  1459 | D:2      | Reached XP level 3. HP: 20/20 MP: 7/7
  1511 | D:2      | Noticed Ijyb
  1731 | D:2      | Reached skill level 4 in Transmutations
  1943 | D:2      | Killed Ijyb
  2044 | D:2      | Reached XP level 4. HP: 8/25 MP: 5/9
  2128 | D:2      | Reached skill level 5 in Transmutations
  2315 | D:3      | Found an ancient bone altar of Kikubaaqudgha.
  2365 | D:3      | Found a glowing golden altar of the Shining One.
  3261 | D:4      | Found Madghumau's Food Shop.
  3278 | D:4      | Noticed a slave
  3278 | D:4      | Noticed a slave
  3278 | D:4      | Noticed a slave
  3279 | D:4      | Noticed Pikel
  3281 | D:4      | Noticed a slave
  3333 | D:3      | Reached XP level 5. HP: 9/29 MP: 4/11
  3410 | D:3      | HP: 1/29 [poisoned by you (poison gas)]
  3526 | D:3      | Learned a level 4 spell: Petrify
  3527 | D:4      | Found Wootais' General Store.
  3527 | D:4      | Found Cova's Book Shop.
  4032 | D:3      | Killed a slave
  4039 | D:3      | Reached skill level 6 in Transmutations
  4039 | D:3      | Reached skill level 1 in Earth Magic
  4290 | D:4      | Killed a slave
  4477 | D:5      | Entered Level 5 of the Dungeon
  4901 | D:5      | Noticed a sky beast
  4921 | D:5      | Killed a sky beast
  4921 | D:5      | Reached XP level 6. HP: 34/34 MP: 10/14
  5418 | D:5      | Noticed a centaur
  5424 | D:5      | Shot with an arrow of frost by a centaur
